[ AOE2 MATCH · #459205113 ]
Team RMTupi vs Italians
[ REPLAY ANALYSIS · EXTRACTED FROM THE RECORDED GAME ]
Feudal
13:42
Castle
26:44
Imperial
—
| APM avg | 12.0 |
| APM peak | 24 |
| eAPM avg | 9.0 |
| Villagers / military | 43 / 4 |
Focus
⚔️ 19.4% · 🌾 80.6%
Unknown (2550) ×9 · Petard ×4
Feudal
15:37
Castle
27:01
Imperial
—
| APM avg | 19.6 |
| APM peak | 53 |
| eAPM avg | 11.3 |
| Villagers / military | 65 / 32 |
Focus
⚔️ 20.1% · 🌾 79.9%
Fishing Ship ×9 · Genoese Crossbowman ×9 · Archer ×8 · Scout Cavalry ×7 · Spearman ×3 · Knight ×3
Feudal
13:12
Castle
28:16
Imperial
—
| APM avg | 37.5 |
| APM peak | 115 |
| eAPM avg | 14.4 |
| Villagers / military | 67 / 3 |
Focus
⚔️ 29.2% · 🌾 70.8%
Unknown (2550) ×46 · Fishing Ship ×12 · Spearman ×1 · Demolition Raft ×1 · Monk ×1
Feudal
14:44
Castle
24:07
Imperial
—
| APM avg | 19.1 |
| APM peak | 42 |
| eAPM avg | 11.1 |
| Villagers / military | 64 / 31 |
Focus
⚔️ 20.5% · 🌾 79.5%
Rattan Archer ×16 · Fishing Ship ×14 · Demolition Raft ×5 · Spearman ×4 · Battering Ram ×3 · Fire Galley ×2
Feudal
13:28
Castle
21:38
Imperial
—
| APM avg | 22.0 |
| APM peak | 51 |
| eAPM avg | 13.1 |
| Villagers / military | 60 / 23 |
Focus
⚔️ 13.6% · 🌾 86.4%
Janissary ×16 · Fishing Ship ×7 · Demolition Raft ×4 · Monk ×2 · Mangonel ×1
Feudal
15:29
Castle
20:10
Imperial
—
| APM avg | 14.1 |
| APM peak | 29 |
| eAPM avg | 10.7 |
| Villagers / military | 110 / 18 |
Focus
⚔️ 12.1% · 🌾 87.9%
Fishing Ship ×14 · Chu Ko Nu ×12 · Iron Pagoda ×5 · Demolition Raft ×1
Feudal
16:00
Castle
22:57
Imperial
—
| APM avg | 25.9 |
| APM peak | 68 |
| eAPM avg | 10.6 |
| Villagers / military | 53 / 17 |
Focus
⚔️ 10.5% · 🌾 89.5%
Galley ×16 · Fishing Ship ×10 · Fire Galley ×1
Feudal
16:25
Castle
24:30
Imperial
—
| APM avg | 21.6 |
| APM peak | 46 |
| eAPM avg | 14.1 |
| Villagers / military | 157 / 18 |
Focus
⚔️ 16.3% · 🌾 83.7%
Mangudai ×10 · Fishing Ship ×8 · Scout Cavalry ×5 · Demolition Raft ×3
Match map
Resources at game start + every placement click. Thick line = wall · dashed box = detected house wall. 🟡 gold · ⚪ stone · 🟢 berries · 🔶 boar · ⭕ relic
Inputs per minute
— Spunk_Guzzler_69 - - zxc462385
Build order — Spunk_Guzzler_69
96 actions detected in the replay
| 0:22 | Build | Town Center |
| 0:30 | Build | House |
| 2:55 | Create | Villager (Male) |
| 2:56 | Create | Villager (Male) |
| 2:56 | Create | Villager (Male) |
| 2:56 | Create | Villager (Male) |
| 3:55 | Create | Villager (Male) |
| 4:37 | Create | Villager (Male) |
| 4:51 | Research | Loom |
| 5:11 | Build | House |
| 5:48 | Create | Villager (Male) |
| 5:48 | Create | Villager (Male) |
| 6:11 | Create | Villager (Male) |
| 6:13 | Create | Villager (Male) |
| 6:13 | Create | Villager (Male) |
| 6:22 | Build | Settlement |
| 6:54 | Create | Villager (Male) |
| 7:15 | Create | Villager (Male) |
| 7:28 | Build | House |
| 7:32 | Build | House |
| 7:36 | Create | Villager (Male) |
| 8:19 | Build | Settlement |
| 8:25 | Create | Villager (Male) |
| 9:24 | Create | Villager (Male) |
| 9:40 | Create | Villager (Male) |
| 10:01 | Create | Villager (Male) |
| 10:35 | Create | Villager (Male) |
| 11:02 | Create | Villager (Male) |
| 11:32 | Research | Feudal Age |
| 11:42 | Build | Barracks |
| 11:45 | Build | House |
| 12:13 | Create | Villager (Male) |
| 12:33 | Build | Barracks |
| 12:41 | Create | Unit 2550 |
| 12:42 | Create | Unit 2550 |
| 13:14 | Create | Unit 2550 |
| 13:41 | Create | Unit 2550 |
| 13:42 | Age | Feudal Age |
| 13:42 | Create | Unit 2550 |
| 13:46 | Create | Villager (Male) |
| 13:53 | Build | Blacksmith |
| 13:55 | Build | House |
| 14:13 | Research | Arson |
| 14:23 | Create | Villager (Male) |
| 14:35 | Research | Forging |
| 15:04 | Create | Villager (Male) |
| 15:25 | Build | Watch Tower |
| 15:28 | Research | Tech 1402 |
| 15:48 | Research | Scale Mail Armor |
| 15:50 | Create | Villager (Male) |
| 18:52 | Build | Settlement |
| 19:05 | Build | Farm |
| 19:05 | Build | Farm |
| 19:06 | Build | Farm |
| 19:06 | Build | Farm |
| 19:06 | Build | Farm |
| 19:06 | Build | Farm |
| 19:06 | Build | Farm |
| 19:07 | Build | Farm |
| 19:07 | Build | Farm |
| 19:37 | Create | Villager (Male) |
| 19:42 | Create | Villager (Male) |
| 20:10 | Create | Villager (Male) |
| 20:51 | Create | Unit 2550 |
| 20:51 | Create | Unit 2550 |
| 20:52 | Create | Unit 2550 |
| 20:52 | Create | Unit 2550 |
| 21:02 | Create | Villager (Male) |
| 21:02 | Create | Villager (Male) |
| 21:34 | Create | Villager (Male) |
| 22:59 | Create | Villager (Male) |
| 23:06 | Build | Market |
| 23:39 | Create | Villager (Male) |
| 23:45 | Research | Castle Age |
| 23:50 | Build | Settlement |
| 24:07 | Research | Fletching |
| 24:55 | Research | Double-Bit Axe |
| 25:02 | Research | Padded Archer Armor |
| 25:06 | Build | Archery Range |
| 25:07 | Build | House |
| 25:16 | Build | House |
| 25:21 | Build | House |
| 25:25 | Build | House |
| 26:04 | Research | Stone Mining |
| 26:44 | Age | Castle Age |
| 26:55 | Research | Bodkin Arrow |
| 28:23 | Build | Town Center |
| 28:46 | Create | Villager (Male) |
| 28:46 | Create | Villager (Male) |
| 28:47 | Create | Villager (Male) |
| 29:36 | Create | Petard |
| 29:57 | Create | Petard ×2 |
| 30:34 | Create | Petard |
| 32:17 | Create | Villager (Male) ×5 |
| 33:20 | Create | Villager (Male) |
| 33:20 | Create | Villager (Male) |
Build order — zxc462385
First 150 of 163 actions detected
| 0:12 | Build | Town Center |
| 3:01 | Create | Villager (Male) |
| 3:02 | Create | Villager (Male) |
| 3:03 | Create | Villager (Male) |
| 3:03 | Create | Villager (Male) |
| 3:06 | Build | House |
| 3:45 | Build | House |
| 4:33 | Create | Villager (Male) |
| 5:06 | Create | Villager (Male) |
| 5:59 | Create | Villager (Male) |
| 6:35 | Build | Mill |
| 6:41 | Create | Villager (Male) |
| 6:41 | Create | Villager (Male) |
| 6:42 | Create | Villager (Male) |
| 7:58 | Create | Villager (Male) |
| 7:58 | Create | Villager (Male) |
| 7:58 | Create | Villager (Male) |
| 8:22 | Build | House |
| 8:40 | Create | Villager (Male) |
| 8:40 | Create | Villager (Male) |
| 9:00 | Create | Villager (Male) |
| 9:06 | Build | House |
| 9:34 | Create | Villager (Male) |
| 9:34 | Create | Villager (Male) |
| 9:57 | Create | Villager (Male) |
| 10:20 | Create | Villager (Male) |
| 10:20 | Create | Villager (Male) |
| 10:55 | Build | Palisade Wall |
| 11:27 | Build | Mill |
| 11:43 | Create | Villager (Male) |
| 11:43 | Create | Villager (Male) |
| 12:15 | Build | Lumber Camp |
| 13:02 | Build | Farm |
| 13:03 | Build | Farm |
| 13:04 | Build | Farm |
| 13:27 | Research | Feudal Age |
| 13:40 | Create | Villager (Male) |
| 13:55 | Build | Palisade Wall |
| 14:06 | Build | Farm |
| 14:22 | Build | Mining Camp |
| 14:43 | Build | Mining Camp |
| 14:56 | Build | Dock |
| 15:37 | Age | Feudal Age |
| 15:41 | Build | Barracks |
| 15:47 | Create | Villager (Male) |
| 15:47 | Create | Villager (Male) |
| 15:47 | Create | Villager (Male) |
| 16:08 | Build | Farm |
| 16:09 | Build | Farm |
| 16:10 | Build | Farm |
| 16:37 | Build | House |
| 17:02 | Build | Watch Tower |
| 17:14 | Create | Villager (Male) |
| 17:14 | Create | Villager (Male) |
| 17:19 | Build | House |
| 17:40 | Build | House |
| 17:44 | Create | Villager (Male) |
| 17:45 | Create | Villager (Male) |
| 17:58 | Create | Demolition Raft |
| 17:58 | Create | Demolition Raft |
| 18:02 | Create | Fishing Ship |
| 18:03 | Create | Fishing Ship |
| 18:06 | Create | Fishing Ship |
| 18:21 | Build | Watch Tower |
| 18:31 | Create | Villager (Male) |
| 18:31 | Create | Villager (Male) |
| 18:41 | Build | Farm |
| 18:43 | Build | Farm |
| 18:44 | Build | Farm |
| 19:15 | Build | Lumber Camp |
| 19:17 | Create | Villager (Male) |
| 19:17 | Create | Villager (Male) |
| 19:38 | Create | Villager (Male) |
| 20:07 | Build | Palisade Wall |
| 20:18 | Create | Villager (Male) |
| 20:26 | Create | Fishing Ship |
| 20:38 | Create | Villager (Male) |
| 20:39 | Create | Villager (Male) |
| 20:53 | Build | Farm |
| 20:57 | Create | Villager (Male) |
| 21:28 | Create | Fishing Ship |
| 21:28 | Create | Fishing Ship |
| 21:33 | Create | Fishing Ship |
| 22:11 | Build | Market |
| 22:33 | Build | Blacksmith |
| 22:48 | Create | Villager (Male) |
| 22:49 | Create | Villager (Male) |
| 23:05 | Create | Villager (Male) |
| 23:34 | Create | Fishing Ship |
| 23:34 | Create | Fishing Ship |
| 24:03 | Build | Watch Tower |
| 24:17 | Build | Stable |
| 24:21 | Research | Castle Age |
| 25:03 | Build | Archery Range |
| 26:14 | Build | Dock |
| 26:17 | Build | Dock |
| 26:19 | Build | Dock |
| 26:48 | Build | Lumber Camp |
| 27:01 | Age | Castle Age |
| 27:20 | Create | Villager (Male) |
| 27:20 | Create | Villager (Male) |
| 28:03 | Create | Villager (Male) |
| 28:03 | Create | Villager (Male) |
| 28:04 | Create | Villager (Male) |
| 28:22 | Build | House |
| 28:23 | Build | House |
| 28:24 | Build | House |
| 28:25 | Build | House |
| 28:56 | Build | Castle |
| 29:04 | Create | Villager (Male) |
| 29:04 | Create | Villager (Male) |
| 29:09 | Build | House |
| 29:11 | Build | House |
| 29:17 | Build | House |
| 29:24 | Create | Villager (Male) |
| 29:25 | Create | Villager (Male) |
| 29:25 | Create | Villager (Male) |
| 29:36 | Build | Town Center |
| 30:27 | Build | University |
| 30:39 | Create | Spearman |
| 30:39 | Create | Spearman |
| 30:39 | Create | Spearman |
| 30:43 | Create | Archer |
| 30:43 | Create | Archer |
| 30:46 | Create | Knight |
| 30:46 | Create | Knight |
| 30:46 | Create | Knight |
| 30:52 | Create | Scout Cavalry |
| 30:52 | Create | Scout Cavalry |
| 30:53 | Create | Scout Cavalry |
| 30:53 | Create | Scout Cavalry |
| 30:56 | Create | Genoese Crossbowman |
| 30:56 | Create | Genoese Crossbowman |
| 30:56 | Create | Genoese Crossbowman |
| 31:14 | Create | Genoese Crossbowman |
| 31:14 | Create | Genoese Crossbowman |
| 31:22 | Create | Villager (Male) |
| 31:22 | Create | Villager (Male) |
| 31:35 | Create | Scout Cavalry |
| 31:36 | Create | Scout Cavalry |
| 32:00 | Build | Palisade Wall |
| 32:07 | Create | Genoese Crossbowman |
| 32:07 | Create | Genoese Crossbowman |
| 32:08 | Create | Genoese Crossbowman |
| 32:12 | Create | Scout Cavalry |
| 32:15 | Create | Archer |
| 32:15 | Create | Archer |
| 32:15 | Create | Archer |
| 32:16 | Create | Archer |
| 32:17 | Create | Archer |
Build order — George
First 150 of 204 actions detected
| 0:29 | Build | Dock |
| 0:33 | Build | Town Center |
| 1:14 | Build | House |
| 1:50 | Build | Palisade Wall |
| 3:00 | Create | Villager (Male) |
| 3:00 | Create | Villager (Male) |
| 3:01 | Create | Villager (Male) |
| 3:01 | Create | Villager (Male) |
| 3:19 | Create | Villager (Male) |
| 4:18 | Create | Villager (Male) |
| 5:17 | Build | Settlement |
| 5:19 | Create | Villager (Male) |
| 5:56 | Create | Villager (Male) |
| 6:14 | Build | House |
| 6:31 | Create | Villager (Male) |
| 6:31 | Create | Villager (Male) |
| 7:17 | Create | Villager (Male) |
| 7:43 | Create | Fishing Ship |
| 7:45 | Create | Fishing Ship |
| 7:54 | Create | Villager (Male) |
| 7:55 | Create | Villager (Male) |
| 8:12 | Create | Villager (Male) |
| 8:22 | Build | House |
| 8:27 | Create | Villager (Male) |
| 9:27 | Build | House |
| 9:35 | Create | Villager (Male) |
| 10:00 | Build | House |
| 10:04 | Create | Villager (Male) |
| 10:20 | Create | Fishing Ship |
| 10:37 | Research | Loom |
| 11:01 | Research | Feudal Age |
| 11:10 | Create | Fishing Ship |
| 11:56 | Create | Fishing Ship |
| 12:05 | Create | Villager (Male) |
| 12:05 | Create | Villager (Male) |
| 12:33 | Build | Barracks |
| 12:36 | Create | Villager (Male) |
| 13:12 | Age | Feudal Age |
| 13:17 | Research | Tech 1402 |
| 13:28 | Build | Settlement |
| 13:31 | Create | Villager (Male) |
| 13:40 | Build | House |
| 13:44 | Create | Villager (Male) |
| 14:01 | Create | Spearman |
| 14:17 | Create | Fishing Ship |
| 14:17 | Create | Fishing Ship |
| 14:22 | Build | House |
| 14:27 | Research | Double-Bit Axe |
| 14:36 | Create | Villager (Male) |
| 14:48 | Create | Villager (Male) |
| 14:55 | Build | Palisade Gate |
| 15:02 | Create | Unit 2550 |
| 15:02 | Create | Unit 2550 |
| 15:11 | Create | Villager (Male) |
| 15:21 | Create | Villager (Male) |
| 15:33 | Create | Fishing Ship |
| 15:34 | Create | Fishing Ship |
| 15:39 | Create | Unit 2550 |
| 15:39 | Create | Unit 2550 |
| 15:51 | Build | House |
| 15:53 | Build | House |
| 15:56 | Create | Villager (Male) |
| 16:17 | Create | Unit 2550 |
| 16:30 | Build | Blacksmith |
| 16:34 | Create | Villager (Male) |
| 16:45 | Build | House |
| 16:48 | Create | Villager (Male) |
| 17:00 | Build | Farm |
| 17:06 | Build | Farm |
| 17:10 | Create | Demolition Raft |
| 17:16 | Create | Fishing Ship |
| 17:16 | Create | Fishing Ship |
| 17:21 | Create | Villager (Male) |
| 17:27 | Create | Unit 2550 |
| 17:31 | Research | Forging |
| 17:37 | Build | Farm |
| 17:40 | Build | Farm |
| 17:50 | Create | Villager (Male) |
| 17:52 | Build | House |
| 17:57 | Create | Unit 2550 |
| 18:02 | Create | Unit 2550 |
| 18:10 | Build | Farm |
| 18:13 | Build | Farm |
| 18:16 | Build | Farm |
| 18:19 | Create | Villager (Male) |
| 18:25 | Build | House |
| 18:29 | Research | Scale Mail Armor |
| 18:31 | Create | Unit 2550 |
| 18:44 | Create | Unit 2550 |
| 18:59 | Build | House |
| 19:16 | Build | Dock |
| 19:18 | Create | Villager (Male) |
| 19:22 | Create | Unit 2550 |
| 19:32 | Build | House |
| 19:37 | Build | House |
| 19:40 | Create | Villager (Male) |
| 19:47 | Build | Farm |
| 19:50 | Build | House |
| 19:51 | Build | House |
| 19:55 | Create | Unit 2550 |
| 20:14 | Create | Fishing Ship |
| 20:25 | Create | Unit 2550 |
| 20:28 | Build | Farm |
| 20:30 | Build | Farm |
| 20:33 | Research | Horse Collar |
| 20:39 | Build | Farm |
| 20:42 | Research | Gold Mining |
| 20:53 | Create | Unit 2550 |
| 21:02 | Build | Farm |
| 21:06 | Create | Villager (Male) |
| 21:06 | Create | Villager (Male) |
| 21:06 | Create | Villager (Male) |
| 21:26 | Build | Farm |
| 21:27 | Build | Farm |
| 21:27 | Build | Farm |
| 21:27 | Build | Farm |
| 21:27 | Build | Farm |
| 21:35 | Create | Unit 2550 |
| 21:36 | Create | Villager (Male) |
| 21:57 | Build | Farm |
| 22:19 | Build | Farm |
| 22:24 | Build | Farm |
| 22:27 | Build | Farm |
| 22:30 | Create | Villager (Male) |
| 22:48 | Create | Villager (Male) |
| 23:06 | Create | Unit 2550 |
| 23:06 | Create | Unit 2550 |
| 23:09 | Build | Farm |
| 24:22 | Build | Archery Range |
| 24:34 | Create | Villager (Male) |
| 24:35 | Create | Villager (Male) |
| 24:40 | Research | Wheelbarrow |
| 24:51 | Create | Unit 2550 |
| 24:52 | Create | Unit 2550 |
| 25:08 | Create | Unit 2550 |
| 25:24 | Create | Villager (Male) |
| 25:32 | Research | Castle Age |
| 25:39 | Build | House |
| 25:41 | Create | Unit 2550 |
| 25:41 | Create | Unit 2550 |
| 25:46 | Research | Arson |
| 27:19 | Create | Unit 2550 |
| 27:20 | Create | Unit 2550 |
| 27:20 | Create | Unit 2550 |
| 27:20 | Create | Unit 2550 |
| 27:20 | Create | Unit 2550 |
| 27:21 | Create | Unit 2550 |
| 28:13 | Build | House |
| 28:16 | Age | Castle Age |
| 28:23 | Research | Tech 1351 |
Build order — parkerkorbin
First 150 of 166 actions detected
| 0:29 | Build | Town Center |
| 1:54 | Build | House |
| 1:57 | Build | House |
| 3:08 | Create | Villager (Male) |
| 3:08 | Create | Villager (Male) |
| 3:09 | Create | Villager (Male) |
| 3:09 | Create | Villager (Male) |
| 3:11 | Research | Loom |
| 3:32 | Build | Outpost |
| 3:51 | Build | Outpost |
| 4:31 | Build | Dock |
| 5:31 | Create | Fishing Ship |
| 5:32 | Create | Fishing Ship |
| 5:55 | Create | Villager (Male) |
| 5:56 | Create | Villager (Male) |
| 6:17 | Create | Fishing Ship |
| 6:18 | Create | Fishing Ship |
| 6:54 | Create | Villager (Male) |
| 6:54 | Create | Villager (Male) |
| 7:17 | Create | Fishing Ship |
| 7:17 | Create | Fishing Ship |
| 7:30 | Build | House |
| 7:42 | Create | Villager (Male) |
| 7:55 | Create | Villager (Male) |
| 7:55 | Create | Villager (Male) |
| 8:09 | Build | House |
| 8:29 | Create | Villager (Male) |
| 8:30 | Create | Villager (Male) |
| 8:56 | Create | Villager (Male) |
| 9:11 | Create | Villager (Male) |
| 9:16 | Create | Fishing Ship |
| 9:34 | Build | Palisade Wall |
| 9:40 | Build | Palisade Wall |
| 9:43 | Create | Villager (Male) |
| 9:57 | Create | Villager (Male) |
| 9:58 | Create | Villager (Male) |
| 10:07 | Create | Villager (Male) |
| 10:25 | Create | Villager (Male) |
| 11:01 | Build | Building 796 |
| 11:37 | Create | Villager (Male) |
| 11:54 | Build | Mill |
| 12:09 | Create | Villager (Male) |
| 12:23 | Build | House |
| 12:23 | Build | House |
| 12:24 | Build | House |
| 12:33 | Research | Feudal Age |
| 12:33 | Research | Feudal Age |
| 12:41 | Create | Fishing Ship |
| 12:42 | Create | Fishing Ship |
| 13:32 | Build | Barracks |
| 14:05 | Build | Mining Camp |
| 14:22 | Build | Mining Camp |
| 14:41 | Build | House |
| 14:43 | Build | House |
| 14:44 | Age | Feudal Age |
| 15:06 | Create | Militia |
| 15:24 | Create | Villager (Male) |
| 15:25 | Create | Villager (Male) |
| 15:31 | Create | Villager (Male) |
| 16:25 | Create | Villager (Male) |
| 17:05 | Build | Outpost |
| 17:20 | Create | Villager (Male) |
| 17:20 | Create | Villager (Male) |
| 17:54 | Build | Watch Tower |
| 18:05 | Create | Spearman |
| 18:05 | Create | Spearman |
| 18:14 | Create | Villager (Male) |
| 18:28 | Build | Watch Tower |
| 18:29 | Create | Villager (Male) |
| 18:31 | Create | Demolition Raft |
| 18:38 | Build | Dock |
| 19:04 | Create | Villager (Male) |
| 19:10 | Build | House |
| 19:11 | Build | House |
| 19:23 | Build | Farm |
| 19:25 | Build | Farm |
| 19:29 | Build | Farm |
| 19:35 | Build | Archery Range |
| 19:45 | Create | Demolition Raft |
| 19:46 | Create | Demolition Raft |
| 19:58 | Build | Market |
| 20:29 | Create | Villager (Male) |
| 20:57 | Create | Villager (Male) |
| 21:07 | Create | Villager (Male) |
| 21:27 | Research | Castle Age |
| 21:35 | Build | Farm |
| 22:03 | Create | Spearman |
| 22:03 | Create | Spearman |
| 22:13 | Build | Farm |
| 22:28 | Create | Villager (Male) |
| 22:47 | Build | Lumber Camp |
| 23:04 | Create | Villager (Male) |
| 23:05 | Create | Villager (Male) |
| 23:17 | Create | Demolition Raft |
| 23:21 | Create | Fishing Ship |
| 23:23 | Create | Demolition Raft |
| 23:27 | Create | Fishing Ship |
| 23:27 | Create | Fishing Ship |
| 24:07 | Age | Castle Age |
| 24:15 | Build | Castle |
| 24:37 | Create | Villager (Male) |
| 24:37 | Create | Villager (Male) |
| 25:25 | Create | Villager (Male) |
| 25:25 | Create | Villager (Male) |
| 25:25 | Create | Villager (Male) |
| 25:28 | Create | Villager (Male) |
| 25:29 | Create | Villager (Male) |
| 25:42 | Build | Farm |
| 25:45 | Build | Farm |
| 25:54 | Create | Fishing Ship |
| 25:54 | Create | Fishing Ship |
| 26:06 | Build | Farm |
| 26:24 | Build | Town Center |
| 26:42 | Build | Blacksmith |
| 26:48 | Create | Rattan Archer |
| 26:48 | Create | Rattan Archer |
| 26:51 | Create | Rattan Archer |
| 26:51 | Create | Rattan Archer |
| 26:56 | Create | Rattan Archer |
| 26:56 | Create | Rattan Archer |
| 27:00 | Create | Villager (Male) |
| 27:42 | Build | Siege Workshop |
| 27:45 | Create | Rattan Archer |
| 27:45 | Create | Rattan Archer |
| 27:47 | Create | Villager (Male) |
| 27:47 | Create | Villager (Male) |
| 28:17 | Create | Fire Galley |
| 28:22 | Create | Fire Galley |
| 28:29 | Create | Rattan Archer |
| 28:37 | Research | Double-Bit Axe |
| 28:39 | Research | Wheelbarrow |
| 28:43 | Create | Villager (Male) |
| 28:43 | Create | Villager (Male) |
| 28:43 | Create | Villager (Male) |
| 28:43 | Create | Villager (Male) |
| 28:44 | Create | Villager (Male) |
| 28:47 | Create | Villager (Male) |
| 28:47 | Create | Villager (Male) |
| 29:02 | Build | Farm |
| 29:16 | Build | Farm |
| 29:25 | Create | Battering Ram |
| 29:57 | Create | Battering Ram |
| 30:03 | Create | Rattan Archer |
| 30:04 | Create | Rattan Archer |
| 30:07 | Create | Villager (Male) |
| 30:07 | Create | Villager (Male) |
| 30:08 | Research | Hand Cart |
| 30:10 | Create | Villager (Male) |
| 30:11 | Create | Villager (Male) |
| 30:13 | Build | Farm |
Build order — bryant200120
First 150 of 152 actions detected
| 0:20 | Build | House |
| 1:09 | Build | Dock |
| 1:39 | Build | Town Center |
| 2:57 | Build | House |
| 4:02 | Create | Villager (Male) |
| 4:03 | Create | Villager (Male) |
| 4:03 | Create | Villager (Male) |
| 4:03 | Create | Villager (Male) |
| 4:04 | Create | Villager (Male) |
| 4:04 | Create | Villager (Male) |
| 5:01 | Research | Loom |
| 5:30 | Create | Fishing Ship |
| 5:44 | Create | Villager (Male) |
| 5:58 | Research | Loom |
| 6:27 | Create | Villager (Male) |
| 6:32 | Create | Fishing Ship |
| 6:53 | Create | Villager (Male) |
| 7:27 | Build | House |
| 7:30 | Build | House |
| 7:46 | Create | Villager (Male) |
| 7:53 | Create | Fishing Ship |
| 8:08 | Create | Villager (Male) |
| 8:25 | Create | Villager (Male) |
| 8:36 | Create | Villager (Male) |
| 8:49 | Create | Villager (Male) |
| 9:04 | Create | Villager (Male) |
| 9:08 | Create | Fishing Ship |
| 9:51 | Create | Villager (Male) |
| 10:20 | Build | Lumber Camp |
| 10:47 | Create | Villager (Male) |
| 11:18 | Research | Feudal Age |
| 11:48 | Build | Mill |
| 12:23 | Build | House |
| 12:25 | Build | House |
| 12:43 | Create | Fishing Ship |
| 12:53 | Build | House |
| 12:54 | Build | House |
| 12:56 | Build | House |
| 13:00 | Create | Villager (Male) |
| 13:26 | Create | Villager (Male) |
| 13:28 | Age | Feudal Age |
| 13:38 | Build | Market |
| 14:04 | Build | House |
| 14:07 | Build | House |
| 14:17 | Create | Villager (Male) |
| 14:41 | Create | Villager (Male) |
| 14:59 | Build | Blacksmith |
| 15:11 | Create | Villager (Male) |
| 15:36 | Build | Watch Tower |
| 16:02 | Build | Mining Camp |
| 16:54 | Build | House |
| 17:46 | Build | Barracks |
| 18:02 | Build | Blacksmith |
| 18:08 | Create | Villager (Male) |
| 18:09 | Create | Villager (Male) |
| 18:10 | Create | Villager (Male) |
| 18:20 | Research | Stone Mining |
| 18:41 | Build | Stable |
| 18:50 | Research | Castle Age |
| 19:11 | Build | House |
| 19:17 | Build | House |
| 19:18 | Build | House |
| 19:49 | Research | Gold Mining |
| 19:58 | Create | Demolition Raft |
| 20:21 | Build | House |
| 20:42 | Build | Watch Tower |
| 20:48 | Build | House |
| 20:49 | Build | House |
| 20:52 | Build | House |
| 21:01 | Build | House |
| 21:08 | Create | Villager (Male) |
| 21:09 | Create | Villager (Male) |
| 21:13 | Create | Demolition Raft |
| 21:38 | Age | Castle Age |
| 21:40 | Create | Villager (Male) |
| 21:55 | Research | Double-Bit Axe |
| 22:00 | Create | Villager (Male) |
| 22:32 | Build | Castle |
| 22:45 | Build | House |
| 22:52 | Build | House |
| 23:18 | Create | Villager (Male) |
| 23:18 | Create | Villager (Male) |
| 23:27 | Build | Town Center |
| 23:50 | Create | Janissary |
| 23:50 | Create | Janissary |
| 24:41 | Research | Gold Shaft Mining |
| 24:44 | Create | Demolition Raft |
| 24:46 | Create | Demolition Raft |
| 24:58 | Create | Fishing Ship |
| 24:58 | Create | Fishing Ship |
| 25:10 | Create | Villager (Male) |
| 25:10 | Create | Villager (Male) |
| 25:11 | Create | Villager (Male) |
| 25:11 | Create | Villager (Male) |
| 25:55 | Build | Siege Workshop |
| 26:08 | Create | Villager (Male) |
| 26:17 | Create | Villager (Male) |
| 26:17 | Create | Villager (Male) |
| 26:34 | Create | Villager (Male) |
| 26:48 | Build | Monastery |
| 26:52 | Create | Mangonel |
| 26:57 | Build | Farm |
| 27:00 | Create | Villager (Male) |
| 27:08 | Build | Stone Wall |
| 27:12 | Create | Villager (Male) |
| 27:15 | Build | Farm |
| 27:17 | Build | Farm |
| 27:20 | Create | Villager (Male) |
| 27:20 | Create | Villager (Male) |
| 27:20 | Create | Villager (Male) |
| 27:41 | Build | Mill |
| 27:43 | Create | Villager (Male) |
| 27:43 | Create | Villager (Male) |
| 27:46 | Create | Monk |
| 27:51 | Build | Farm |
| 28:05 | Create | Janissary |
| 28:10 | Create | Monk |
| 28:22 | Create | Villager (Male) |
| 28:23 | Create | Villager (Male) |
| 28:35 | Research | Horse Collar |
| 28:41 | Create | Janissary |
| 28:41 | Create | Janissary |
| 28:51 | Build | Farm |
| 28:53 | Build | Farm |
| 28:55 | Create | Villager (Male) |
| 29:08 | Build | Building 490 |
| 29:15 | Create | Villager (Male) |
| 29:15 | Create | Villager (Male) |
| 29:19 | Build | Farm |
| 29:19 | Build | Farm |
| 29:31 | Create | Janissary |
| 29:43 | Build | Castle |
| 30:08 | Research | Wheelbarrow |
| 30:11 | Create | Villager (Male) |
| 30:11 | Create | Villager (Male) |
| 30:12 | Create | Villager (Male) |
| 30:59 | Build | Castle |
| 31:06 | Create | Janissary ×5 |
| 31:36 | Build | Farm |
| 31:39 | Build | Farm |
| 31:40 | Build | Farm |
| 31:46 | Create | Villager (Male) |
| 31:47 | Create | Villager (Male) |
| 31:47 | Create | Villager (Male) |
| 31:47 | Create | Villager (Male) |
| 32:06 | Build | Siege Workshop |
| 32:37 | Create | Villager (Male) |
| 32:37 | Create | Villager (Male) |
| 32:41 | Research | Hand Cart |
| 32:56 | Build | Town Center |
Build order — zilla17
First 150 of 207 actions detected
| 0:26 | Build | Town Center |
| 2:06 | Build | House |
| 2:08 | Build | House |
| 2:54 | Build | Mill |
| 4:08 | Create | Villager (Male) |
| 4:08 | Create | Villager (Male) |
| 4:37 | Create | Villager (Male) |
| 5:09 | Create | Villager (Male) |
| 5:09 | Create | Villager (Male) |
| 5:42 | Create | Villager (Male) |
| 6:12 | Create | Villager (Male) |
| 6:12 | Create | Villager (Male) |
| 6:39 | Create | Villager (Male) |
| 7:16 | Build | Dock |
| 7:19 | Create | Villager (Male) |
| 7:19 | Create | Villager (Male) |
| 7:37 | Create | Villager (Male) |
| 7:37 | Create | Villager (Male) |
| 7:37 | Create | Villager (Male) |
| 7:58 | Create | Fishing Ship |
| 7:59 | Create | Fishing Ship |
| 8:44 | Create | Fishing Ship |
| 8:44 | Create | Fishing Ship |
| 8:58 | Create | Villager (Male) |
| 9:05 | Create | Villager (Male) |
| 9:05 | Create | Villager (Male) |
| 9:05 | Create | Villager (Male) |
| 9:31 | Create | Fishing Ship |
| 9:57 | Create | Villager (Male) |
| 9:57 | Create | Villager (Male) |
| 10:02 | Create | Fishing Ship |
| 10:02 | Create | Fishing Ship |
| 10:34 | Create | Villager (Male) |
| 10:34 | Create | Villager (Male) |
| 10:34 | Create | Villager (Male) |
| 10:38 | Create | Fishing Ship |
| 10:49 | Build | House |
| 11:22 | Create | Villager (Male) |
| 11:23 | Create | Villager (Male) |
| 11:49 | Create | Fishing Ship |
| 11:50 | Create | Fishing Ship |
| 12:23 | Create | Villager (Male) |
| 12:23 | Create | Villager (Male) |
| 12:34 | Build | House |
| 13:19 | Research | Feudal Age |
| 14:29 | Build | Mining Camp |
| 15:29 | Age | Feudal Age |
| 15:38 | Build | Market |
| 15:45 | Build | Blacksmith |
| 15:50 | Build | Farm |
| 15:50 | Build | Farm |
| 15:50 | Build | Farm |
| 16:39 | Create | Demolition Raft |
| 16:45 | Build | Farm |
| 17:12 | Build | Farm |
| 17:30 | Research | Castle Age |
| 17:54 | Build | Lumber Camp |
| 18:04 | Create | Villager (Male) |
| 18:04 | Create | Villager (Male) |
| 18:05 | Create | Villager (Male) |
| 18:11 | Build | House |
| 18:12 | Build | House |
| 18:58 | Create | Fishing Ship |
| 18:58 | Create | Fishing Ship |
| 19:02 | Research | Double-Bit Axe |
| 20:10 | Age | Castle Age |
| 20:11 | Research | Bow Saw |
| 20:24 | Build | Castle |
| 21:01 | Build | Town Center |
| 21:12 | Create | Villager (Male) |
| 21:12 | Create | Villager (Male) |
| 21:12 | Create | Villager (Male) |
| 21:15 | Research | Horse Collar |
| 21:48 | Build | Stone Wall |
| 21:58 | Build | Stone Wall |
| 22:03 | Build | Building 665 |
| 22:11 | Create | Villager (Male) |
| 22:16 | Create | Fishing Ship |
| 22:17 | Create | Fishing Ship |
| 22:42 | Create | Villager (Male) |
| 22:43 | Create | Villager (Male) |
| 23:06 | Build | Town Center |
| 23:17 | Create | Villager (Male) |
| 23:18 | Create | Villager (Male) |
| 23:18 | Create | Villager (Male) |
| 23:18 | Create | Villager (Male) |
| 23:18 | Create | Villager (Male) |
| 23:24 | Build | Farm |
| 23:24 | Build | Farm |
| 23:24 | Build | Farm |
| 23:24 | Build | Farm |
| 23:29 | Create | Villager (Male) |
| 23:29 | Create | Villager (Male) |
| 23:35 | Build | House |
| 23:36 | Build | House |
| 23:42 | Create | Villager (Male) |
| 23:42 | Create | Villager (Male) |
| 24:12 | Create | Villager (Male) |
| 24:12 | Create | Villager (Male) |
| 24:21 | Build | Farm |
| 24:26 | Build | Farm |
| 24:27 | Create | Villager (Male) |
| 24:27 | Create | Villager (Male) |
| 24:28 | Create | Villager (Male) |
| 24:28 | Create | Villager (Male) |
| 24:33 | Build | House |
| 24:34 | Build | House |
| 24:37 | Create | Villager (Male) |
| 24:37 | Create | Villager (Male) |
| 24:37 | Create | Villager (Male) |
| 25:01 | Build | Stone Wall |
| 25:05 | Build | Building 490 |
| 25:06 | Create | Villager (Male) |
| 25:06 | Create | Villager (Male) |
| 25:07 | Create | Villager (Male) |
| 25:07 | Create | Villager (Male) |
| 25:21 | Build | Farm |
| 25:22 | Build | Farm |
| 25:22 | Build | Farm |
| 25:22 | Build | Farm |
| 25:23 | Build | Farm |
| 25:33 | Build | Siege Workshop |
| 25:36 | Build | Farm |
| 25:43 | Create | Villager (Male) |
| 25:43 | Create | Villager (Male) |
| 25:44 | Create | Villager (Male) |
| 25:45 | Create | Villager (Male) |
| 25:55 | Build | Farm |
| 26:09 | Create | Villager (Male) |
| 26:10 | Create | Villager (Male) |
| 26:20 | Create | Villager (Male) |
| 26:27 | Create | Chu Ko Nu |
| 26:27 | Create | Chu Ko Nu |
| 26:27 | Create | Chu Ko Nu |
| 26:29 | Create | Chu Ko Nu |
| 26:29 | Create | Chu Ko Nu |
| 26:32 | Create | Villager (Male) |
| 26:32 | Create | Villager (Male) |
| 26:53 | Build | Town Center |
| 27:02 | Build | Farm |
| 27:06 | Create | Villager (Male) |
| 27:07 | Create | Villager (Male) |
| 27:07 | Create | Villager (Male) |
| 27:07 | Create | Villager (Male) |
| 27:08 | Create | Villager (Male) |
| 27:13 | Create | Iron Pagoda |
| 27:27 | Research | Wheelbarrow |
| 27:30 | Create | Villager (Male) |
| 27:31 | Create | Villager (Male) |
| 27:41 | Create | Villager (Male) |
Build order — hongtinneli
140 actions detected in the replay
| 0:11 | Build | House |
| 0:48 | Build | Town Center |
| 3:25 | Create | Villager (Male) |
| 3:25 | Create | Villager (Male) |
| 3:26 | Create | Villager (Male) |
| 3:26 | Create | Villager (Male) |
| 3:27 | Create | Villager (Male) |
| 3:47 | Build | Mill |
| 3:58 | Build | Mill |
| 5:34 | Research | Loom |
| 5:46 | Create | Villager (Male) |
| 5:46 | Create | Villager (Male) |
| 5:47 | Create | Villager (Male) |
| 6:17 | Create | Villager (Male) |
| 6:30 | Build | House |
| 7:13 | Create | Villager (Male) |
| 7:14 | Create | Villager (Male) |
| 7:15 | Create | Villager (Male) |
| 8:26 | Create | Villager (Male) |
| 8:26 | Create | Villager (Male) |
| 8:27 | Create | Villager (Male) |
| 8:35 | Build | House |
| 8:41 | Build | House |
| 9:00 | Build | Dock |
| 9:11 | Build | House |
| 9:41 | Create | Villager (Male) |
| 9:56 | Create | Villager (Male) |
| 10:08 | Create | Fishing Ship |
| 10:18 | Build | House |
| 10:42 | Create | Villager (Male) |
| 10:42 | Create | Villager (Male) |
| 10:45 | Create | Villager (Male) |
| 10:48 | Create | Fishing Ship |
| 11:17 | Build | Mining Camp |
| 11:54 | Create | Fishing Ship |
| 12:10 | Create | Villager (Male) |
| 12:12 | Create | Villager (Male) |
| 12:24 | Build | House |
| 12:27 | Create | Fishing Ship |
| 12:57 | Create | Villager (Male) |
| 13:09 | Build | Lumber Camp |
| 13:23 | Create | Villager (Male) |
| 13:45 | Research | Feudal Age |
| 14:00 | Build | House |
| 14:11 | Build | House |
| 14:14 | Build | House |
| 14:32 | Build | Barracks |
| 14:52 | Build | Mining Camp |
| 14:58 | Create | Villager (Male) |
| 16:00 | Age | Feudal Age |
| 16:07 | Create | Villager (Male) |
| 16:34 | Build | Building 673 |
| 16:44 | Build | Stone Wall |
| 16:51 | Create | Villager (Male) |
| 17:00 | Build | Mill |
| 17:08 | Build | Building 487 |
| 17:11 | Build | Stone Wall |
| 17:28 | Create | Villager (Male) |
| 17:29 | Create | Villager (Male) |
| 17:33 | Create | Fishing Ship |
| 17:33 | Create | Fishing Ship |
| 17:56 | Build | Blacksmith |
| 18:11 | Build | Archery Range |
| 18:24 | Create | Villager (Male) |
| 18:25 | Create | Villager (Male) |
| 18:28 | Create | Fishing Ship |
| 18:40 | Create | Villager (Male) |
| 19:09 | Build | Stone Wall |
| 19:26 | Create | Fishing Ship |
| 19:27 | Create | Villager (Male) |
| 19:29 | Build | House |
| 19:37 | Build | House |
| 20:17 | Research | Castle Age |
| 20:31 | Research | Stone Mining |
| 20:42 | Create | Fishing Ship |
| 20:42 | Create | Fishing Ship |
| 21:19 | Build | Dock |
| 21:22 | Build | Dock |
| 21:34 | Create | Villager (Male) |
| 21:35 | Create | Villager (Male) |
| 21:35 | Create | Villager (Male) |
| 21:58 | Build | Dock |
| 22:54 | Create | Fire Galley |
| 22:57 | Age | Castle Age |
| 23:21 | Research | War Galley (upgrade) |
| 23:23 | Create | Galley |
| 23:58 | Create | Villager (Male) |
| 23:58 | Create | Villager (Male) |
| 23:58 | Create | Villager (Male) |
| 23:58 | Create | Villager (Male) |
| 24:31 | Build | Town Center |
| 24:43 | Create | Villager (Male) |
| 25:00 | Create | Galley |
| 25:09 | Build | House |
| 25:11 | Build | House |
| 25:13 | Build | House |
| 25:15 | Build | House |
| 25:47 | Create | Galley |
| 25:49 | Research | Double-Bit Axe |
| 26:18 | Create | Galley |
| 26:31 | Build | Lumber Camp |
| 26:34 | Create | Villager (Male) |
| 26:34 | Create | Villager (Male) |
| 26:35 | Create | Villager (Male) |
| 26:53 | Build | Lumber Camp |
| 27:13 | Create | Galley |
| 27:20 | Create | Villager (Male) |
| 27:25 | Build | Mining Camp |
| 27:45 | Create | Galley |
| 27:51 | Create | Villager (Male) |
| 27:51 | Create | Villager (Male) |
| 27:51 | Create | Villager (Male) |
| 27:52 | Create | Villager (Male) |
| 27:54 | Create | Villager (Male) |
| 28:14 | Create | Galley |
| 28:14 | Create | Galley |
| 28:21 | Research | Gold Mining |
| 29:23 | Build | Town Center |
| 29:43 | Create | Galley ×5 |
| 30:23 | Build | House |
| 30:23 | Build | House |
| 30:24 | Build | House |
| 30:24 | Build | House |
| 30:24 | Build | House |
| 30:25 | Build | House |
| 30:32 | Build | Castle |
| 30:39 | Research | Bow Saw |
| 31:02 | Build | Lumber Camp |
| 31:34 | Research | Fletching |
| 31:42 | Research | Imperial Age |
| 31:46 | Create | Villager (Male) |
| 31:46 | Create | Villager (Male) |
| 31:47 | Create | Villager (Male) |
| 31:57 | Build | Town Center |
| 32:15 | Create | Galley ×3 |
| 32:19 | Research | Bodkin Arrow |
| 32:25 | Build | House |
| 32:25 | Build | House |
| 32:25 | Build | House |
| 32:26 | Build | House |
Build order — SilverChair
First 150 of 284 actions detected
| 1:24 | Build | Town Center |
| 2:40 | Build | House |
| 2:42 | Build | House |
| 3:26 | Create | Villager (Male) |
| 3:27 | Create | Villager (Male) |
| 3:27 | Create | Villager (Male) |
| 3:27 | Create | Villager (Male) |
| 3:27 | Create | Villager (Male) |
| 4:36 | Create | Villager (Male) |
| 4:36 | Create | Villager (Male) |
| 4:36 | Create | Villager (Male) |
| 5:36 | Create | Villager (Male) |
| 5:37 | Create | Villager (Male) |
| 6:01 | Build | Dock |
| 6:09 | Create | Villager (Male) |
| 6:10 | Create | Villager (Male) |
| 6:10 | Create | Villager (Male) |
| 6:31 | Research | Loom |
| 6:44 | Create | Villager (Male) |
| 6:44 | Create | Villager (Male) |
| 6:44 | Create | Villager (Male) |
| 7:02 | Create | Villager (Male) |
| 7:02 | Create | Villager (Male) |
| 7:02 | Create | Villager (Male) |
| 7:02 | Create | Villager (Male) |
| 7:43 | Create | Villager (Male) |
| 7:44 | Create | Villager (Male) |
| 7:59 | Create | Villager (Male) |
| 8:00 | Create | Villager (Male) |
| 8:33 | Create | Villager (Male) |
| 8:34 | Create | Villager (Male) |
| 9:10 | Create | Villager (Male) |
| 9:10 | Create | Villager (Male) |
| 9:10 | Create | Villager (Male) |
| 9:10 | Create | Villager (Male) |
| 9:11 | Create | Villager (Male) |
| 9:11 | Create | Villager (Male) |
| 9:11 | Create | Villager (Male) |
| 9:14 | Build | House |
| 9:23 | Build | House |
| 9:24 | Build | House |
| 9:35 | Create | Villager (Male) |
| 9:35 | Create | Villager (Male) |
| 9:35 | Create | Villager (Male) |
| 10:04 | Create | Villager (Male) |
| 10:05 | Create | Villager (Male) |
| 10:07 | Create | Fishing Ship |
| 10:07 | Create | Fishing Ship |
| 10:08 | Create | Fishing Ship |
| 10:08 | Create | Fishing Ship |
| 10:26 | Create | Villager (Male) |
| 10:27 | Create | Villager (Male) |
| 10:27 | Create | Villager (Male) |
| 10:35 | Build | House |
| 11:13 | Create | Villager (Male) |
| 11:14 | Create | Villager (Male) |
| 11:14 | Create | Villager (Male) |
| 11:14 | Create | Villager (Male) |
| 11:25 | Create | Villager (Male) |
| 11:26 | Create | Villager (Male) |
| 12:06 | Build | Mill |
| 12:11 | Create | Villager (Male) |
| 12:11 | Create | Villager (Male) |
| 12:11 | Create | Villager (Male) |
| 12:14 | Create | Fishing Ship |
| 12:14 | Create | Fishing Ship |
| 13:01 | Create | Villager (Male) |
| 13:01 | Create | Villager (Male) |
| 13:08 | Build | Mining Camp |
| 13:16 | Build | Mining Camp |
| 13:42 | Create | Fishing Ship |
| 13:43 | Create | Fishing Ship |
| 14:02 | Create | Villager (Male) |
| 14:02 | Create | Villager (Male) |
| 14:02 | Create | Villager (Male) |
| 14:09 | Research | Feudal Age |
| 14:09 | Create | Villager (Male) |
| 14:10 | Create | Villager (Male) |
| 14:10 | Create | Villager (Male) |
| 14:10 | Create | Villager (Male) |
| 14:10 | Create | Villager (Male) |
| 14:13 | Create | Villager (Male) |
| 14:13 | Create | Villager (Male) |
| 14:13 | Create | Villager (Male) |
| 14:32 | Build | House |
| 14:36 | Build | Barracks |
| 14:59 | Create | Villager (Male) |
| 15:33 | Create | Villager (Male) |
| 15:42 | Build | House |
| 16:00 | Create | Villager (Male) |
| 16:01 | Create | Villager (Male) |
| 16:25 | Age | Feudal Age |
| 16:32 | Build | Stable |
| 16:43 | Build | Blacksmith |
| 16:47 | Research | Horse Collar |
| 16:51 | Create | Villager (Male) |
| 17:07 | Build | Mill |
| 17:16 | Create | Villager (Male) |
| 17:16 | Create | Villager (Male) |
| 17:40 | Build | Building 796 |
| 17:47 | Create | Scout Cavalry |
| 17:47 | Create | Scout Cavalry |
| 17:48 | Create | Scout Cavalry |
| 17:48 | Create | Scout Cavalry |
| 17:48 | Create | Scout Cavalry |
| 18:08 | Create | Villager (Male) |
| 19:29 | Build | House |
| 19:31 | Build | House |
| 19:32 | Build | House |
| 19:50 | Build | House |
| 19:54 | Build | House |
| 19:57 | Build | House |
| 20:03 | Create | Villager (Male) |
| 20:03 | Create | Villager (Male) |
| 20:03 | Create | Villager (Male) |
| 20:32 | Build | Farm |
| 20:32 | Build | Farm |
| 20:32 | Build | Farm |
| 20:33 | Build | Farm |
| 20:33 | Build | Farm |
| 20:33 | Build | Farm |
| 20:34 | Build | Farm |
| 20:34 | Build | Farm |
| 20:34 | Build | Farm |
| 20:43 | Create | Villager (Male) |
| 20:43 | Create | Villager (Male) |
| 21:33 | Research | Castle Age |
| 21:34 | Create | Villager (Male) |
| 21:34 | Create | Villager (Male) |
| 21:34 | Create | Villager (Male) |
| 21:34 | Create | Villager (Male) |
| 21:35 | Create | Villager (Male) |
| 21:59 | Build | House |
| 22:01 | Build | House |
| 22:13 | Build | House |
| 22:14 | Build | House |
| 22:15 | Build | House |
| 22:21 | Build | Building 487 |
| 22:36 | Build | Lumber Camp |
| 22:58 | Create | Demolition Raft |
| 22:59 | Create | Demolition Raft |
| 22:59 | Create | Demolition Raft |
| 23:40 | Research | Wheelbarrow |
| 23:40 | Create | Villager (Male) |
| 23:40 | Create | Villager (Male) |
| 23:40 | Create | Villager (Male) |
| 23:41 | Create | Villager (Male) |
| 23:41 | Create | Villager (Male) |
| 23:41 | Create | Villager (Male) |
| 23:42 | Create | Villager (Male) |
Match timeline
| 0:29 | George · first_building Dock |
| 1:09 | bryant200120 · first_building Dock |
| 1:50 | George · wall_segment Palisade Wall x2 |
| 4:31 | parkerkorbin · first_building Dock |
| 6:01 | SilverChair · first_building Dock |
| 7:16 | zilla17 · first_building Dock |
| 9:00 | hongtinneli · first_building Dock |
| 9:34 | parkerkorbin · wall_segment Palisade Wall x1 |
| 9:40 | parkerkorbin · wall_segment Palisade Wall x5 |
| 10:55 | zxc462385 · wall_segment Palisade Wall x7 |
| 11:42 | Spunk_Guzzler_69 · first_building Barracks |
| 12:33 | George · first_building Barracks |
| 13:12 | George · age_up feudal |
| 13:28 | bryant200120 · age_up feudal |
| 13:32 | parkerkorbin · first_building Barracks |
| 13:42 | Spunk_Guzzler_69 · age_up feudal |
| 13:55 | zxc462385 · wall_segment Palisade Wall x4 |
| 14:32 | hongtinneli · first_building Barracks |
| 14:36 | SilverChair · first_building Barracks |
| 14:44 | parkerkorbin · age_up feudal |
| 14:56 | zxc462385 · first_building Dock |
| 15:29 | zilla17 · age_up feudal |
| 15:37 | zxc462385 · age_up feudal |
| 15:41 | zxc462385 · first_building Barracks |
| 16:00 | hongtinneli · age_up feudal |
| 16:25 | SilverChair · age_up feudal |
| 16:32 | SilverChair · first_building Stable |
| 16:44 | hongtinneli · wall_segment Stone Wall x5 |
| 17:11 | hongtinneli · wall_segment Stone Wall x3 |
| 17:46 | bryant200120 · first_building Barracks |
| 18:11 | hongtinneli · first_building Archery Range |
| 18:41 | bryant200120 · first_building Stable |
| 19:09 | hongtinneli · wall_segment Stone Wall x1 |
| 19:35 | parkerkorbin · first_building Archery Range |
| 20:07 | zxc462385 · wall_segment Palisade Wall x8 |
| 20:10 | zilla17 · age_up castle |
| 20:24 | zilla17 · first_building Castle |
| 21:26 | parkerkorbin · first_market_sell 100 food |
| 21:38 | bryant200120 · age_up castle |
| 21:48 | zilla17 · wall_segment Stone Wall x9 |
| 21:53 | bryant200120 · first_market_buy 100 food |
| 21:58 | zilla17 · wall_segment Stone Wall x5 |
| 22:32 | bryant200120 · first_building Castle |
| 22:57 | hongtinneli · age_up castle |
| 23:42 | Spunk_Guzzler_69 · first_market_buy 100 food |
| 24:07 | parkerkorbin · age_up castle |
| 24:15 | parkerkorbin · first_building Castle |
| 24:17 | zxc462385 · first_building Stable |
| 24:22 | George · first_building Archery Range |
| 24:30 | SilverChair · age_up castle |
| 25:01 | zilla17 · wall_segment Stone Wall x10 |
| 25:03 | zxc462385 · first_building Archery Range |
| 25:05 | SilverChair · first_building Castle |
| 25:06 | Spunk_Guzzler_69 · first_building Archery Range |
| 25:33 | zilla17 · first_building Siege Workshop |
| 25:55 | bryant200120 · first_building Siege Workshop |
| 26:16 | parkerkorbin · first_market_buy 100 wood |
| 26:44 | Spunk_Guzzler_69 · age_up castle |
| 26:48 | bryant200120 · first_building Monastery |
| 27:01 | zxc462385 · age_up castle |
| 27:08 | bryant200120 · wall_segment Stone Wall x11 |
| 27:42 | parkerkorbin · first_building Siege Workshop |
| 28:16 | George · age_up castle |
| 28:56 | zxc462385 · first_building Castle |
| 29:42 | Spunk_Guzzler_69 · first_market_sell 500 stone |
| 29:51 | George · first_building Monastery |
| 30:32 | hongtinneli · first_building Castle |
| 32:00 | zxc462385 · wall_segment Palisade Wall x7 |
| 32:00 | zilla17 · tribute_sent a jugador 1 |
| 32:00 | zilla17 · tribute_sent a jugador 2 |
| 32:00 | zilla17 · tribute_sent a jugador 3 |
| 32:00 | zilla17 · tribute_sent a jugador 4 |
| 32:00 | zilla17 · tribute_sent a jugador 5 |
| 32:00 | zilla17 · tribute_sent a jugador 7 |
| 32:00 | zilla17 · tribute_sent a jugador 8 |
| 32:58 | parkerkorbin · resign |
| 33:21 | zxc462385 · first_building Siege Workshop |
[ AI ANALYSIS · 1 CREDIT ]
What really happened in this match?
Wolo.gg analyzes every decision: build order, eco, micro, common mistakes by bracket. Personalized analysis on WhatsApp or Discord in 30 seconds.
Civ guide
Tupi
Map guide
Nomad
Perfil
Spunk_Guzzler_69